[Event "Polgar Challenge 2021"]
[Site "Online"]
[Date "2021.04.04"]
[Round "4.6"]
[White "Murzin, Volodar"]
[Black "Liang, Awonder"]
[Result "1-0"]
[ECO "B10"]
[WhiteElo "2478"]
[BlackElo "2592"]
[Annotator "ChessBase"]
[PlyCount "169"]
[EventDate "2021.04.08"]
[EventType "tourn"]
[EventCountry "NET"]
[SourceTitle "playchess.com"]
[Source "ChessBase"]
[SourceQuality "1"]
[TimeControl "600+5"]

1. e4 c6 2. Nf3 d5 3. exd5 cxd5 4. Ne5 Nf6 5. d4 Nc6 6. Bb5 Bd7 7. Nxd7 Qxd7 8. c3 e6 9. O-O Bd6 10. Nd2 O-O 11. Nf3 Qc7 12. g3 Ne4 13. Bd3 Rae8 14. Ng5 f5 15. Kg2 h6 16. Nh3 g5 17. f3 Nf6 18. Bd2 Qg7 19. Kh1 Kh8 20. Qe2 Rg8 21. Rae1 Qf7 22. Qg2 g4 23. fxg4 Rxg4 24. Nf4 Ne4 25. Bxe4 dxe4 26. Qh3 Bxf4 27. Rxf4 h5 28. Rxg4 fxg4 29. Qg2 e5 30. Qxe4 Rd8 31. Bg5 Rg8 32. Be3 exd4 33. Bxd4+ Nxd4 34. Qxd4+ Rg7 35. Kg1 b6 36. a4 Kh7 37. Re5 Qg6 38. Qd2 Qb1+ 39. Re1 Qf5 40. Qf2 Qg6 41. Qd4 Rf7 42. Qe4 Kg7 43. Qxg6+ Kxg6 44. Re4 Rd7 45. Kf2 Rd1 46. Re1 Rd2+ 47. Re2 Rd1 48. Ke3 Kf5 49. Rd2 Ra1 50. b3 Ra3 51. Rb2 Ke5 52. Kd3 Kd5 53. c4+ Kc5 54. Kc3 Ra1 55. Rd2 Kc6 56. Rd5 h4 57. gxh4 Rc1+ 58. Kb4 Rc2 59. Rg5 a5+ 60. Ka3 Rg2 61. b4 Rxh2 62. Rg6+ Kc7 63. bxa5 bxa5 64. Rxg4 Rh3+ 65. Kb2 Kc6 66. Kc2 Kc5 67. Kd2 Kb4 68. c5+ Kxc5 69. Ke2 Rb3 70. Kf2 Kd6 71. h5 Rh3 72. Rg5 Rh4 73. Rxa5 Ke6 74. Kg3 Rb4 75. h6 Kf7 76. Rh5 Kg8 77. a5 Kh7 78. Kf3 Ra4 79. Ke3 Rb4 80. Kd3 Ra4 81. Kc3 Rg4 82. Kb3 Rg1 83. Kb4 Rb1+ 84. Kc5 Rc1+ 85. Kb6 1-0

[Event "Polgar Challenge 2021"]
[Site "Online"]
[Date "2021.04.04"]
[Round "4.7"]
[White "Mammadzada, Gunay"]
[Black "Saduakassova, Dinara"]
[Result "1/2-1/2"]
[ECO "C83"]
[WhiteElo "2443"]
[BlackElo "2500"]
[Annotator "ChessBase"]
[PlyCount "76"]
[EventDate "2021.04.08"]
[EventType "tourn"]
[EventCountry "NET"]
[SourceTitle "playchess.com"]
[Source "ChessBase"]
[SourceQuality "1"]
[TimeControl "600+5"]

1. e4 e5 2. Nf3 Nc6 3. Bb5 a6 4. Ba4 Nf6 5. O-O Nxe4 6. d4 b5 7. Bb3 d5 8. dxe5 Be6 9. c3 Be7 10. Nbd2 Nc5 11. Bc2 d4 12. Nb3 d3 13. Bb1 Nxb3 14. axb3 Bf5 15. h3 O-O 16. b4 Qd7 17. Re1 Rfd8 18. Bf4 a5 19. bxa5 Rxa5 20. Rxa5 Nxa5 21. e6 fxe6 22. g4 Bg6 23. Ne5 Qd5 24. Nxg6 hxg6 25. Bxc7 d2 26. Rf1 Nc4 27. Bxd8 Nxb2 28. Qc2 Qxd8 29. Qxg6 d1=Q 30. Qxe6+ Kf8 31. Qf5+ Bf6 32. Rxd1 Qxd1+ 33. Kg2 Qd2 34. Qc5+ Be7 35. Qc8+ Bd8 36. Qf5+ Bf6 37. Qc8+ Bd8 38. Qf5+ Bf6 1/2-1/2

[Event "Polgar Challenge 2021"]
[Site "Online"]
[Date "2021.04.04"]
[Round "4.10"]
[White "Lei, Tingjie"]
[Black "Yip, Carissa"]
[Result "1-0"]
[ECO "E90"]
[WhiteElo "2505"]
[BlackElo "2430"]
[Annotator "ChessBase"]
[PlyCount "53"]
[EventDate "2021.04.08"]
[EventType "tourn"]
[EventCountry "NET"]
[SourceTitle "playchess.com"]
[Source "ChessBase"]
[SourceQuality "1"]
[TimeControl "600+5"]

1. d4 Nf6 2. c4 g6 3. Nc3 Bg7 4. e4 O-O 5. Nf3 d6 6. h3 e5 7. d5 a5 8. Be3 Na6 9. g4 Nd7 10. a3 Nac5 11. Rg1 a4 12. Nd2 c6 13. Qc2 Nb6 14. Be2 Bd7 15. O-O-O cxd5 16. exd5 Rc8 17. h4 Qxh4 18. Rh1 Qe7 19. Rh2 f5 20. Rdh1 fxg4 21. Rxh7 Bf5 22. Qd1 g5 23. R7h5 Nbd7 24. Rxg5 Rf6 25. Qg1 Rcf8 26. Qh2 Kf7 27. Bxg4 1-0

[Event "Polgar Challenge 2021"]
[Site "Online"]
[Date "2021.04.04"]
[Round "5.1"]
[White "Yip, Carissa"]
[Black "Zhu, Jiner"]
[Result "0-1"]
[ECO "C56"]
[WhiteElo "2430"]
[BlackElo "2459"]
[Annotator "ChessBase"]
[PlyCount "38"]
[EventDate "2021.04.08"]
[EventType "tourn"]
[EventCountry "NET"]
[SourceTitle "playchess.com"]
[Source "ChessBase"]
[SourceQuality "1"]
[TimeControl "600+5"]

1. e4 e5 2. Nf3 Nc6 3. d4 exd4 4. Bc4 Nf6 5. e5 Ne4 6. Qe2 Nc5 7. O-O Ne6 8. Rd1 d5 9. exd6 Bxd6 10. c3 O-O 11. cxd4 Qf6 12. Bxe6 fxe6 13. Nc3 e5 14. Ne4 Qg6 15. Nxd6 cxd6 16. dxe5 Bg4 17. Qc4+ d5 18. Rxd5 Be6 19. Ng5 Rad8 0-1

[Event "Polgar Challenge 2021"]
[Site "Online"]
[Date "2021.04.04"]
[Round "5.3"]
[White "Salimova, Nurgyul"]
[Black "Badelka, Olga"]
[Result "1/2-1/2"]
[ECO "E04"]
[WhiteElo "2397"]
[BlackElo "2433"]
[Annotator "NA"]
[PlyCount "99"]
[EventDate "2021.04.08"]
[EventType "tourn"]
[EventCountry "NET"]
[SourceTitle "playchess.com"]
[Source "ChessBase"]
[SourceQuality "1"]
[TimeControl "600+5"]

1. d4 Nf6 2. Nf3 e6 3. g3 d5 4. c4 dxc4 5. Bg2 c6 6. O-O b5 7. Ne5 Bb7 8. a4 a6 9. b3 cxb3 10. Qxb3 Be7 11. Bb2 O-O 12. Rc1 Nd5 13. Nd2 f6 14. Nd3 Nd7 15. e4 Nc7 16. Nf4 Kh8 17. Nxe6 Nxe6 18. Qxe6 c5 19. d5 Ne5 20. Bxe5 fxe5 21. axb5 Bc8 22. Qc6 Bd7 23. Qb7 Bxb5 24. Bf1 Bg5 25. Rc2 Qf6 26. Nc4 Rab8 27. Qc7 Rfc8 28. Qd6 h5 29. Qxf6 Bxf6 30. Nd6 Rc7 31. Rac1 Be7 32. Nf5 Bf8 33. d6 Rd7 34. Rxc5 g6 35. Rc8 Rxc8 36. Rxc8 Kg8 37. Ne7+ Kf7 38. Nd5 Bxd6 39. Bh3 Rb7 40. Rd8 Bc5 41. Rh8 Kg7 42. Rc8 Bd4 43. Be6 Bd3 44. h4 Rb1+ 45. Kh2 Bxf2 46. Rg8+ Kh6 47. Rh8+ Kg7 48. Rg8+ Kh6 49. Rh8+ Kg7 50. Rg8+ 1/2-1/2

[Event "Polgar Challenge 2021"]
[Site "Online"]
[Date "2021.04.04"]
[Round "5.5"]
[White "Liang, Awonder"]
[Black "Mammadzada, Gunay"]
[Result "1-0"]
[ECO "A07"]
[WhiteElo "2592"]
[BlackElo "2443"]
[Annotator "ChessBase"]
[PlyCount "73"]
[EventDate "2021.04.08"]
[EventType "tourn"]
[EventCountry "NET"]
[SourceTitle "playchess.com"]
[Source "ChessBase"]
[SourceQuality "1"]
[TimeControl "600+5"]

1. Nf3 d5 2. g3 c6 3. Bg2 Bg4 4. O-O Nd7 5. c4 Bxf3 6. Bxf3 Ne5 7. Bg2 Nxc4 8. d3 Nd6 9. e4 e6 10. Nc3 Ne7 11. h4 Qd7 12. Be3 dxe4 13. dxe4 Nc4 14. Qe2 Nxe3 15. Qxe3 Nc8 16. Rad1 Qc7 17. Qg5 h6 18. Qg4 Nb6 19. e5 h5 20. Qg5 Nd7 21. Rfe1 g6 22. Qc1 O-O-O 23. Qf4 Bg7 24. Qxf7 Nxe5 25. Qxe6+ Kb8 26. Ne4 Nd3 27. Re3 Nxb2 28. Rb1 Rd1+ 29. Rxd1 Nxd1 30. Rb3 Ka8 31. Nd6 Rb8 32. Rxb7 Rxb7 33. Qe8+ Qb8 34. Qxc6 a5 35. Nc8 Bd4 36. Qa6+ Ba7 37. Nb6# 1-0

[Event "Polgar Challenge 2021"]
[Site "Online"]
[Date "2021.04.04"]
[Round "5.6"]
[White "Yoo, Christopher Woojin"]
[Black "Murzin, Volodar"]
[Result "1-0"]
[ECO "E90"]
[WhiteElo "2455"]
[BlackElo "2478"]
[Annotator "ChessBase"]
[PlyCount "83"]
[EventDate "2021.04.08"]
[EventType "tourn"]
[EventCountry "NET"]
[SourceTitle "playchess.com"]
[Source "ChessBase"]
[SourceQuality "1"]
[TimeControl "600+5"]

1. d4 Nf6 2. Nf3 g6 3. c4 Bg7 4. Nc3 O-O 5. Bg5 d6 6. Qd2 Nbd7 7. e4 e5 8. Bd3 Re8 9. O-O Nf8 10. d5 h5 11. h3 a5 12. a3 a4 13. Bc2 Bd7 14. Qd1 N8h7 15. Bxf6 Nxf6 16. Re1 Bh6 17. Bxa4 Bxa4 18. Nxa4 Kh8 19. Nc3 Rg8 20. Nh2 Qd7 21. Qd3 Qe7 22. b4 Nd7 23. a4 Nb8 24. a5 Na6 25. Rab1 Qd7 26. Nf3 Raf8 27. c5 Nb8 28. cxd6 cxd6 29. b5 Qe7 30. a6 Nd7 31. axb7 Nc5 32. Qc4 f5 33. b6 Rb8 34. Qb5 Rxb7 35. Qc6 f4 36. Nb5 Rd8 37. Nd2 g5 38. Nc4 Bf8 39. Nbxd6 Rxd6 40. Qxc5 Rd8 41. Qxe7 Bxe7 42. Nxe5 1-0

[Event "Polgar Challenge 2021"]
[Site "Online"]
[Date "2021.04.04"]
[Round "5.8"]
[White "Bjerre, Jonas Buhl"]
[Black "Khademalsharieh, Sarasadat"]
[Result "1/2-1/2"]
[ECO "E15"]
[WhiteElo "2550"]
[BlackElo "2494"]
[Annotator "ChessBase"]
[PlyCount "45"]
[EventDate "2021.04.08"]
[EventType "tourn"]
[EventCountry "NET"]
[SourceTitle "playchess.com"]
[Source "ChessBase"]
[SourceQuality "1"]
[TimeControl "600+5"]

1. d4 Nf6 2. c4 e6 3. Nf3 b6 4. g3 Bb4+ 5. Bd2 Bxd2+ 6. Qxd2 Ba6 7. b3 d5 8. cxd5 exd5 9. Nc3 O-O 10. Bg2 Nbd7 11. O-O Re8 12. Rfd1 Ne4 13. Nxe4 dxe4 14. Ne1 Bb7 15. Nc2 c5 16. Ne3 Qf6 17. Bh3 Rad8 18. dxc5 Nxc5 19. Qc2 Bc8 20. Bg2 Bb7 21. Bh3 Bc8 22. Bg2 Bb7 23. Bh3 1/2-1/2

[Event "Polgar Challenge 2021"]
[Site "Online"]
[Date "2021.04.04"]
[Round "5.9"]
[White "Gukesh D"]
[Black "Abdumalik, Zhansaya"]
[Result "1-0"]
[ECO "A62"]
[WhiteElo "2578"]
[BlackElo "2472"]
[Annotator "ChessBase"]
[PlyCount "77"]
[EventDate "2021.04.08"]
[EventType "tourn"]
[EventCountry "NET"]
[SourceTitle "playchess.com"]
[Source "ChessBase"]
[SourceQuality "1"]
[TimeControl "600+5"]

1. d4 Nf6 2. c4 g6 3. g3 c5 4. d5 Bg7 5. Bg2 d6 6. Nc3 O-O 7. Nf3 e6 8. O-O exd5 9. cxd5 a6 10. a4 Bf5 11. Nd2 Re8 12. e4 Bg4 13. f3 Bc8 14. Nc4 Bf8 15. Bf4 Nh5 16. Be3 Nd7 17. a5 b5 18. axb6 Nxb6 19. Na5 Nf6 20. Qd2 Qc7 21. Rfc1 Nfd7 22. f4 Qd8 23. Nc6 Qc7 24. b3 Bb7 25. Na5 Bc8 26. Ra2 Nf6 27. h3 Bg7 28. b4 Nfd7 29. e5 Rb8 30. Ne4 dxe5 31. bxc5 Nxd5 32. Qxd5 Nf6 33. Qd6 Qxd6 34. Nxd6 Be6 35. Nxe8 Bxa2 36. Nxg7 Kxg7 37. fxe5 Nd7 38. c6 Nxe5 39. c7 1-0

[Event "Polgar Challenge 2021"]
[Site "Online"]
[Date "2021.04.04"]
[Round "5.10"]
[White "Keymer, Vincent"]
[Black "Mendonca, Leon Luke"]
[Result "1-0"]
[ECO "E14"]
[WhiteElo "2591"]
[BlackElo "2549"]
[Annotator "ChessBase"]
[PlyCount "105"]
[EventDate "2021.04.08"]
[EventType "tourn"]
[EventCountry "NET"]
[SourceTitle "playchess.com"]
[Source "ChessBase"]
[SourceQuality "1"]
[TimeControl "600+5"]

1. Nf3 Nf6 2. c4 e6 3. Nc3 d5 4. e3 Be7 5. b3 O-O 6. Bb2 b6 7. cxd5 exd5 8. d4 Bb7 9. Bd3 Nbd7 10. O-O a6 11. Ne2 Re8 12. Ng3 Bd6 13. Nf5 Bf8 14. Ne5 g6 15. Ng3 Bg7 16. f4 c5 17. Qf3 Qc7 18. Rac1 Rac8 19. Qe2 a5 20. Bb5 Re7 21. Rfd1 Qd8 22. a4 cxd4 23. exd4 Nf8 24. Rxc8 Qxc8 25. f5 Rc7 26. Bd3 Qd8 27. Rf1 Qd6 28. h4 Ne4 29. Nxe4 dxe4 30. Bxe4 Bxe4 31. Qxe4 Qb4 32. fxg6 hxg6 33. Qd5 Bxe5 34. Qxe5 Re7 35. Qf6 Nh7 36. Qf3 Qd2 37. Rf2 Qe1+ 38. Kh2 Qe3 39. d5 Qxf3 40. Rxf3 Rd7 41. Rc3 f6 42. Rc6 Rxd5 43. Bxf6 b5 44. Bc3 Nf8 45. Rc7 Ne6 46. Re7 Nd4 47. axb5 Nf5 48. Rb7 Rd3 49. Rc7 Rd5 50. b6 Nd6 51. Rd7 Rc5 52. Rxd6 Rxc3 53. Rd8+ 1-0

[Event "Polgar Challenge 2021"]
[Site "Online"]
[Date "2021.04.04"]
[Round "6.1"]
[White "Zhu, Jiner"]
[Black "Mendonca, Leon Luke"]
[Result "1/2-1/2"]
[ECO "B36"]
[WhiteElo "2459"]
[BlackElo "2549"]
[Annotator "ChessBase"]
[PlyCount "78"]
[EventDate "2021.04.08"]
[EventType "tourn"]
[EventCountry "NET"]
[SourceTitle "playchess.com"]
[Source "ChessBase"]
[SourceQuality "1"]
[TimeControl "600+5"]

1. e4 c5 2. Nf3 Nc6 3. d4 cxd4 4. Nxd4 g6 5. c4 Nf6 6. Nc3 Nxd4 7. Qxd4 d6 8. Be3 Bg7 9. f3 O-O 10. Qd2 Be6 11. Be2 Qa5 12. Rc1 Rfc8 13. b3 Nd7 14. Nd5 Qxd2+ 15. Kxd2 Bxd5 16. cxd5 a6 17. Rxc8+ Rxc8 18. Rc1 Rxc1 19. Kxc1 Bc3 20. a3 Ba5 21. Kc2 Kg7 22. Bd4+ Kf8 23. b4 Bb6 24. Bc3 Bg1 25. h3 g5 26. a4 f6 27. Kb3 Ke8 28. Bd2 Ne5 29. b5 axb5 30. Bxb5+ Kd8 31. Kc2 Ng6 32. Kd1 Nf4 33. Bxf4 gxf4 34. Ke2 h6 35. Kd3 Bf2 36. Ke2 Bg1 37. Kd3 Bf2 38. Kc4 Kc7 39. Kd3 Kd8 1/2-1/2

[Event "Polgar Challenge 2021"]
[Site "Online"]
[Date "2021.04.04"]
[Round "6.2"]
[White "Abdumalik, Zhansaya"]
[Black "Keymer, Vincent"]
[Result "0-1"]
[ECO "B90"]
[WhiteElo "2472"]
[BlackElo "2591"]
[Annotator "ChessBase"]
[PlyCount "98"]
[EventDate "2021.04.08"]
[EventType "tourn"]
[EventCountry "NET"]
[SourceTitle "playchess.com"]
[Source "ChessBase"]
[SourceQuality "1"]
[TimeControl "600+5"]

1. e4 c5 2. Nf3 d6 3. d4 cxd4 4. Nxd4 Nf6 5. Nc3 a6 6. h3 e5 7. Nde2 h5 8. g3 Be7 9. Bg2 b5 10. Nd5 Nbd7 11. O-O Nxd5 12. Qxd5 Rb8 13. Be3 h4 14. g4 Bb7 15. Qd2 O-O 16. Nc3 Rc8 17. Rac1 Re8 18. Nd5 Bxd5 19. Qxd5 Nb6 20. Qb7 Nc4 21. Qxa6 Qd7 22. a4 bxa4 23. b3 Nxe3 24. fxe3 Bg5 25. Qd3 Qa7 26. Rce1 a3 27. c4 a2 28. Kf2 Rb8 29. Ra1 Qa3 30. Qc2 Bxe3+ 31. Ke2 Qxb3 32. Rxa2 Bd4 33. Qxb3 Rxb3 34. Rf3 Rb4 35. Rc2 Ra8 36. Kd2 Ra1 37. Bf1 Rbb1 38. Be2 Bc5 39. Rd3 Bb4+ 40. Ke3 Rh1 41. g5 Rxh3+ 42. Kf2 Rh2+ 43. Ke3 Bc5+ 44. Kd2 Rg1 45. Rb3 h3 46. Rb8+ Kh7 47. Rb3 Kg6 48. Rf3 Rxe2+ 49. Kxe2 h2 0-1

[Event "Polgar Challenge 2021"]
[Site "Online"]
[Date "2021.04.04"]
[Round "6.3"]
[White "Khademalsharieh, Sarasadat"]
[Black "Gukesh D"]
[Result "0-1"]
[ECO "D38"]
[WhiteElo "2494"]
[BlackElo "2578"]
[Annotator "ChessBase"]
[PlyCount "138"]
[EventDate "2021.04.08"]
[EventType "tourn"]
[EventCountry "NET"]
[SourceTitle "playchess.com"]
[Source "ChessBase"]
[SourceQuality "1"]
[TimeControl "600+5"]

1. d4 d5 2. c4 e6 3. Nc3 Bb4 4. cxd5 exd5 5. Nf3 Nf6 6. Bg5 Nbd7 7. Qb3 c5 8. dxc5 Qa5 9. a3 Bxc3+ 10. bxc3 Ne4 11. Qb4 Qxc5 12. Be3 Qc7 13. Bd4 a5 14. Qb2 O-O 15. e3 Ndc5 16. Bb5 Bg4 17. Ne5 Bh5 18. O-O a4 19. f3 Nf6 20. Nd3 Nb3 21. Rae1 Nxd4 22. cxd4 Rfc8 23. Rc1 Qe7 24. Rfe1 Rxc1 25. Qxc1 Bg6 26. Nc5 Ne8 27. Bxe8 Rxe8 28. Qb2 Qg5 29. Qxb7 h5 30. f4 Qh4 31. g3 Qd8 32. Qc6 Re7 33. Qxa4 h4 34. Qd1 Qa5 35. a4 Bh5 36. Qb1 Qd2 37. Qc1 Qa5 38. Rf1 h3 39. Qe1 Qa8 40. Qf2 Qa5 41. Qe1 Qa8 42. Qd2 Qe8 43. Re1 Ra7 44. a5 Qb5 45. a6 Bg6 46. Qe2 Qa5 47. Rf1 Bf5 48. Qf3 Qd2 49. g4 Bc8 50. Qf2 Qc3 51. Qe1 Qa3 52. Qg3 Bxa6 53. Nxa6 Qxa6 54. Qxh3 Qd3 55. Qf3 Ra2 56. Rf2 Ra1+ 57. Kg2 Re1 58. e4 Qxd4 59. exd5 Re3 60. d6 Rxf3 61. Rxf3 Qxd6 62. h4 Qd2+ 63. Kg3 Qe1+ 64. Kh3 Qh1+ 65. Kg3 Qg1+ 66. Kh3 Kh7 67. h5 Kh6 68. Ra3 Qf2 69. Ra6+ f6 0-1

[Event "Polgar Challenge 2021"]
[Site "Online"]
[Date "2021.04.04"]
[Round "6.6"]
[White "Mammadzada, Gunay"]
[Black "Yoo, Christopher Woojin"]
[Result "1/2-1/2"]
[ECO "B33"]
[WhiteElo "2443"]
[BlackElo "2455"]
[Annotator "ChessBase"]
[PlyCount "124"]
[EventDate "2021.04.08"]
[EventType "tourn"]
[EventCountry "NET"]
[SourceTitle "playchess.com"]
[Source "ChessBase"]
[SourceQuality "1"]
[TimeControl "600+5"]

1. e4 c5 2. Nf3 e6 3. d4 cxd4 4. Nxd4 Nf6 5. Nc3 Qb6 6. a3 Nc6 7. Nb3 Qc7 8. Be3 Be7 9. Be2 O-O 10. O-O a6 11. f4 b5 12. e5 Ne8 13. Bd3 d6 14. Be4 Bb7 15. Qh5 g6 16. Qe2 Ng7 17. exd6 Bxd6 18. Nc5 Nd4 19. Bxd4 Bxc5 20. Bxc5 Qxc5+ 21. Kh1 Bd5 22. Nxd5 exd5 23. Bd3 Rfe8 24. Qg4 f5 25. Qf3 Re3 26. Qf2 d4 27. b4 Qd6 28. a4 Rb8 29. axb5 axb5 30. Qd2 Ne6 31. Rae1 Rxe1 32. Qxe1 Nc7 33. Qa1 Ra8 34. Qb2 Ra4 35. Bxb5 Qxb4 36. Qb3+ Qxb3 37. cxb3 Ra2 38. Bc4+ Kg7 39. Rd1 Kf6 40. Kg1 Ne6 41. Bxe6 Kxe6 42. Rxd4 Rb2 43. Rb4 Kf6 44. h3 h5 45. Rb6+ Kg7 46. h4 Kh7 47. Kh2 Kg7 48. Kg3 Rc2 49. Kf3 Rc3+ 50. Kf2 Rc2+ 51. Kg3 Rc3+ 52. Kh2 Rc2 53. b4 Rc4 54. Kg3 Rc3+ 55. Kf2 Rc2+ 56. Kf3 Rc3+ 57. Ke2 Rc2+ 58. Kf3 Rc3+ 59. Kf2 Rc2+ 60. Kg3 Rc3+ 61. Kh2 Rc4 62. Kg3 Rc3+ 1/2-1/2

[Event "Polgar Challenge 2021"]
[Site "Online"]
[Date "2021.04.04"]
[Round "6.8"]
[White "Badelka, Olga"]
[Black "Saduakassova, Dinara"]
[Result "1-0"]
[ECO "A39"]
[WhiteElo "2433"]
[BlackElo "2500"]
[Annotator "ChessBase"]
[PlyCount "79"]
[EventDate "2021.04.08"]
[EventType "tourn"]
[EventCountry "NET"]
[SourceTitle "playchess.com"]
[Source "ChessBase"]
[SourceQuality "1"]
[TimeControl "600+5"]

1. Nf3 Nf6 2. g3 c5 3. Bg2 Nc6 4. O-O g6 5. d4 cxd4 6. Nxd4 Bg7 7. c4 O-O 8. Nc3 Nxd4 9. Qxd4 d6 10. Qd2 Qc7 11. b3 Bd7 12. Bb2 Bc6 13. Nd5 Bxd5 14. cxd5 Rac8 15. Rac1 Qb6 16. e3 Nd7 17. Bxg7 Kxg7 18. h4 Nf6 19. Rc2 Rxc2 20. Qxc2 Qc5 21. Qxc5 dxc5 22. e4 Nd7 23. f4 Rd8 24. Rc1 b6 25. e5 h6 26. Kf2 g5 27. Ke3 a5 28. Be4 Nf8 29. Rh1 Rd7 30. hxg5 hxg5 31. f5 Ra7 32. a4 Nd7 33. e6 Nf6 34. Rd1 Ra8 35. d6 Nxe4 36. Kxe4 Kf6 37. d7 Rd8 38. exf7 Kxf7 39. Ke5 g4 40. Rd2 1-0

[Event "Polgar Challenge 2021"]
[Site "Online"]
[Date "2021.04.04"]
[Round "6.9"]
[White "Lei, Tingjie"]
[Black "Salimova, Nurgyul"]
[Result "1-0"]
[ECO "D10"]
[WhiteElo "2505"]
[BlackElo "2397"]
[Annotator "ChessBase"]
[PlyCount "69"]
[EventDate "2021.04.08"]
[EventType "tourn"]
[EventCountry "NET"]
[SourceTitle "playchess.com"]
[Source "ChessBase"]
[SourceQuality "1"]
[TimeControl "600+5"]

1. d4 d5 2. c4 c6 3. cxd5 cxd5 4. Bf4 Nc6 5. e3 Nf6 6. Nc3 a6 7. Be2 e6 8. Rc1 Bd6 9. Bxd6 Qxd6 10. f4 O-O 11. Nf3 Bd7 12. Ne5 Rac8 13. O-O Ne7 14. Bd3 b5 15. Qe2 b4 16. Nb1 a5 17. Nd2 a4 18. g4 g6 19. g5 Nh5 20. Ndf3 Nf5 21. Nxd7 Qxd7 22. Ne5 Qa7 23. Bxf5 exf5 24. Qb5 Rxc1 25. Rxc1 Nxf4 26. Nc6 Nh3+ 27. Kg2 Qd7 28. Kxh3 f4+ 29. Kh4 h5 30. h3 Re8 31. Na7 Qe6 32. Qxe8+ Qxe8 33. Rc8 Qxc8 34. Nxc8 fxe3 35. Kg3 1-0

[Event "Polgar Challenge 2021"]
[Site "Online"]
[Date "2021.04.04"]
[Round "7.2"]
[White "Salimova, Nurgyul"]
[Black "Yip, Carissa"]
[Result "1-0"]
[ECO "D76"]
[WhiteElo "2397"]
[BlackElo "2430"]
[Annotator "NA"]
[PlyCount "109"]
[EventDate "2021.04.08"]
[EventType "tourn"]
[EventCountry "NET"]
[SourceTitle "playchess.com"]
[Source "ChessBase"]
[SourceQuality "1"]
[TimeControl "600+5"]

1. d4 Nf6 2. c4 g6 3. g3 Bg7 4. Bg2 d5 5. cxd5 Nxd5 6. Nf3 Nb6 7. O-O Nc6 8. e3 O-O 9. Nc3 Re8 10. Nh4 e5 11. d5 Nb4 12. e4 c6 13. a3 Na6 14. Be3 cxd5 15. Bxb6 Qxb6 16. Nxd5 Qxb2 17. Qf3 Qb5 18. Rab1 Qd7 19. Rfc1 b6 20. Bf1 Bb7 21. Bb5 Qd6 22. Bxe8 Rxe8 23. Ng2 Nc5 24. Rd1 Qb8 25. Nge3 h5 26. Qg2 Ne6 27. f3 Nd4 28. Qf2 Ba6 29. Rd2 Qd6 30. a4 Bf8 31. Kg2 Qd8 32. Nb4 Bb7 33. Nbd5 Bc5 34. Qf1 Kg7 35. a5 f5 36. axb6 axb6 37. Qc4 Rf8 38. Ra1 f4 39. Ra7 Rf7 40. Rxb7 Rxb7 41. Nf1 Rf7 42. Rd3 Qf8 43. gxf4 Qd8 44. fxe5 Qg5+ 45. Ng3 h4 46. f4 Qg4 47. h3 Qc8 48. Rxd4 hxg3 49. Rd3 Qa8 50. e6 Ra7 51. Qc3+ Kh6 52. Rd2 Ra1 53. Ne3 Ra3 54. Ng4+ Kh7 55. Rd7+ 1-0

[Event "Polgar Challenge 2021"]
[Site "Online"]
[Date "2021.04.04"]
[Round "7.3"]
[White "Saduakassova, Dinara"]
[Black "Lei, Tingjie"]
[Result "0-1"]
[ECO "E05"]
[WhiteElo "2500"]
[BlackElo "2505"]
[Annotator "ChessBase"]
[PlyCount "114"]
[EventDate "2021.04.08"]
[EventType "tourn"]
[EventCountry "NET"]
[SourceTitle "playchess.com"]
[Source "ChessBase"]
[SourceQuality "1"]
[TimeControl "600+5"]

1. d4 Nf6 2. c4 e6 3. Nf3 d5 4. g3 Be7 5. Bg2 O-O 6. O-O dxc4 7. Qc2 a6 8. a4 c5 9. dxc5 Bxc5 10. Nbd2 b5 11. axb5 Bb7 12. Nxc4 axb5 13. Rxa8 Bxa8 14. Nce5 Qc7 15. Be3 Na6 16. Bxc5 Qxc5 17. Qxc5 Nxc5 18. Nd4 Bxg2 19. Kxg2 Rd8 20. Nxb5 Rb8 21. Nd6 Rxb2 22. Rc1 Nfd7 23. Nxd7 Nxd7 24. Rc7 Nf8 25. e3 Rd2 26. Nxf7 Rd5 27. f4 Rd7 28. Rxd7 Nxd7 29. Ng5 Nc5 30. Kf3 h6 31. Ne4 Nd7 32. g4 Kf7 33. Ng3 Nc5 34. h4 Ke7 35. g5 hxg5 36. fxg5 Kf7 37. Ne4 Nd3 38. h5 Ne5+ 39. Kf4 Nd3+ 40. Kg3 Ne5 41. Kf4 Nd3+ 42. Kg4 Ne5+ 43. Kg3 Nc4 44. Kf4 Nb6 45. Nd6+ Ke7 46. Nb5 Nd5+ 47. Ke4 Kf7 48. Nd6+ Ke7 49. Nc4 Nb4 50. Kf4 Nc6 51. e4 Nb4 52. Nb6 Kf7 53. Nc8 Nd3+ 54. Ke3 Ne5 55. Nd6+ Ke7 56. Nb5 Kf7 57. Nd4 Nc4+ 0-1

[Event "Polgar Challenge 2021"]
[Site "Online"]
[Date "2021.04.04"]
[Round "7.4"]
[White "Liang, Awonder"]
[Black "Badelka, Olga"]
[Result "1-0"]
[ECO "E04"]
[WhiteElo "2592"]
[BlackElo "2433"]
[Annotator "ChessBase"]
[PlyCount "67"]
[EventDate "2021.04.08"]
[EventType "tourn"]
[EventCountry "NET"]
[SourceTitle "playchess.com"]
[Source "ChessBase"]
[SourceQuality "1"]
[TimeControl "600+5"]

1. d4 Nf6 2. Nf3 e6 3. c4 d5 4. g3 dxc4 5. Bg2 c6 6. O-O b5 7. a4 Bb7 8. Ng5 a6 9. e4 Be7 10. e5 Nd5 11. Qh5 g6 12. Qh6 Bf8 13. Qh3 Nd7 14. Nc3 Nxc3 15. bxc3 Be7 16. Ne4 c5 17. Nd6+ Bxd6 18. Bxb7 Rb8 19. Bc6 Be7 20. axb5 O-O 21. bxa6 Qc7 22. Qg2 Qa7 23. Be3 cxd4 24. cxd4 Nb6 25. d5 exd5 26. Bxd5 Rfc8 27. e6 f6 28. Bb7 Rc7 29. Rfb1 Bc5 30. Bf4 Rbxb7 31. axb7 Qxb7 32. Qxb7 Rxb7 33. Rb5 Bd4 34. Rd1 1-0

[Event "Polgar Challenge 2021"]
[Site "Online"]
[Date "2021.04.04"]
[Round "7.6"]
[White "Shuvalova, Polina"]
[Black "Mammadzada, Gunay"]
[Result "1-0"]
[ECO "B90"]
[WhiteElo "2476"]
[BlackElo "2443"]
[Annotator "ChessBase"]
[PlyCount "187"]
[EventDate "2021.04.08"]
[EventType "tourn"]
[EventCountry "NET"]
[SourceTitle "playchess.com"]
[Source "ChessBase"]
[SourceQuality "1"]
[TimeControl "600+5"]

1. e4 c5 2. Nf3 d6 3. d4 cxd4 4. Nxd4 Nf6 5. Nc3 a6 6. a3 e5 7. Nf5 Bxf5 8. exf5 d5 9. Bg5 d4 10. Ne4 Nbd7 11. Bd3 Be7 12. Bxf6 Nxf6 13. Nxf6+ Bxf6 14. O-O Qb6 15. Qf3 O-O 16. Be4 Rac8 17. Rab1 Rc7 18. g3 Rfc8 19. h4 Be7 20. Kg2 Rb8 21. Rh1 Qh6 22. Rbd1 Qb6 23. Rb1 Qh6 24. Rh3 b5 25. g4 Qd6 26. g5 f6 27. Re1 fxg5 28. f6 Qxf6 29. Bxh7+ Kh8 30. Qh5 Qh6 31. hxg5 Qxg5+ 32. Qxg5 Bxg5 33. Rxe5 Bh6 34. Bd3 Rc6 35. Rf3 Kg8 36. Re7 Rf6 37. Rxf6 gxf6 38. Re6 Bc1 39. Rxf6 Ra8 40. b3 Bxa3 41. f4 Be7 42. Rb6 Kf7 43. Kf3 Bd8 44. Rd6 Bf6 45. Ke4 Ra7 46. Kf5 Bg7 47. Rb6 Kf8 48. Rb8+ Kf7 49. Be4 Ke7 50. Rb6 Bf8 51. Bb7 a5 52. Rxb5 a4 53. bxa4 Rxa4 54. Be4 Ra1 55. Rb7+ Kd8 56. Ke5 Rf1 57. f5 Be7 58. Kxd4 Bf6+ 59. Kd5 Ra1 60. Ke6 Ra6+ 61. Kf7 Bc3 62. Rb3 Rf6+ 63. Kg8 Be5 64. Rb5 Bc3 65. Rc5 Ba1 66. Ra5 Bc3 67. Ra7 Ke8 68. Rc7 Be5 69. Rc5 Bd4 70. Rc4 Be5 71. Rc5 Bd4 72. Rd5 Bc3 73. Rd3 Be5 74. Kh7 Bf4 75. Ra3 Be5 76. Ra5 Bc3 77. Ra8+ Ke7 78. Ra7+ Ke8 79. Rb7 Rf7+ 80. Kg6 Rxb7 81. Bxb7 Ke7 82. Be4 Bf6 83. Bd3 Bc3 84. Be4 Bf6 85. c4 Bd4 86. Bd5 Bc5 87. f6+ Kf8 88. Kf5 Ke8 89. Ke6 Kf8 90. Kd7 Bd4 91. f7 Kg7 92. Kd6 Kf8 93. c5 Be3 94. c6 1-0